 Dungeon Crawl Stone Soup version 0.22.0-75-g3901e79 (webtiles) character file.

349 dvd the Chopper (level 6, 0/59 HPs)
             Began as a Troll Gladiator on Sept 13, 2018.
             Slain by a centaur
             ... wielding a cursed +0 shortbow
              (3 damage)
             ... on level 5 of the Dungeon.
             The game lasted 00:06:19 (3256 turns).

dvd the Chopper (Troll Gladiator)                   Turns: 3256, Time: 00:06:20

Health: 0/59       AC:  6    Str: 24    XL:     6   Next: 33%
Magic:  5/5        EV: 10    Int:  8    God:
Gold:   183        SH:  0    Dex: 12    Spells: 5/5 levels left

rFire    . . .     SeeInvis .   a - +0 war axe
rCold    . . .     Gourm    +   (no shield)
rNeg     . . .     Faith    .   b - +0 robe
rPois    .         Spirit   .   c - +1 hat
rElec    .         Reflect  .   (no cloak)
rCorr    .         Harm     +   (gloves unavailable)
MR       .....                  (boots unavailable)
Stlth    +.........             i - amulet of harm
HPRegen  0.59/turn              l - +4 ring of intelligence
MPRegen  0.09/turn              (no ring)

@: drained
A: large, unfitting armour, claws 3, fast metabolism 3, gourmand, regeneration
1, shaggy fur 1, tough skin 2
a: no special abilities


You were on level 5 of the Dungeon.
You were completely stuffed.

You visited 1 branch of the dungeon, and saw 5 of its levels.

You collected 183 gold pieces.

Inventory:

Hand Weapons
 a - a +0 war axe (weapon)
 n - a +2 flail of draining
Missiles
 d - 3 throwing nets (quivered)
Armour
 b - a +0 robe (worn)
 c - a +1 hat (worn)
Jewellery
 i - an amulet of harm (around neck)
 l - a +4 ring of intelligence (left claw)
Scrolls
 g - 4 scrolls of remove curse
 h - a scroll of amnesia
Potions
 e - 2 potions of flight {unknown}
 j - a potion of lignification {unknown}
 m - a potion of brilliance {unknown}
Comestibles
 f - 9 rations
 k - 4 chunks of flesh


   Skills:
 + Level 2.5(1.7) Fighting
 + Level 4.8(3.9) Axes
 + Level 1.9(1.1) Throwing
 + Level 3.4(2.6) Dodging
 + Level 0.5(0.0) Stealth


You had 5 spell levels left.
You didn't know any spells.
Your spell library contained the following spells:

 Spells                   Type           Power        Failure   Level  Hunger
 Beastly Appendage        Tmut           #.....       41%         1    ##.....
 Sticks to Snakes         Tmut           #.......     54%         2    ###....
 Spider Form              Tmut/Pois      #.........   78%         3    ####...
 Ice Form                 Ice/Tmut       #.......     99%         4    #####..
 Blade Hands              Tmut           #.........   100%        5    ######.


Dungeon Overview and Level Annotations

Branches:
Dungeon (5/15)
 Temple: D:4-7

Altars:
Nemelex Xobeh
Yredelemnul


Innate Abilities, Weirdness & Mutations

You are too large for most types of armour.
You have claws for hands.
Your metabolism is lightning-fast.
You like to eat raw meat.
Your natural rate of healing is unusually fast.
You are covered in fur. (AC +1)
You have very tough skin. (AC +2)


Message History

The bullfrog skeleton hits you.
You slash the bullfrog skeleton!
You destroy the bullfrog skeleton!
A centaur comes into view.
The centaur shouts!
The centaur wields a shortbow.
The centaur shoots an arrow.
The arrow hits you!
You see here an arrow.
The centaur shoots an arrow.
The arrow barely misses you.
You see here a short sword.
The centaur shoots an arrow.
The arrow hits you!
The centaur shoots an arrow.
The arrow hits you!
* * * LOW HITPOINT WARNING * * *
Found a stone staircase leading down.
The centaur completely misses you.
You slash the centaur!
The centaur is heavily wounded.
The centaur hits you with a shortbow.
* * * LOW HITPOINT WARNING * * *
The centaur hits you with a shortbow.
You die...

#.....#
#...>.#
#.....#
#.....#
#.....#
#.....+
#.c...#
#.@...#
#.....#####
#..)......#
#.........#
#...(.....#
####'#....+
#...#....#
#<..# ...#
#...# ...#


You could see a centaur.

Vanquished Creatures
  An ogre (D:4)
  An orc priest (D:4)
  A bullfrog skeleton (D:5)
  An orc wizard (D:4)
  A hound skeleton (D:4)
  7 adders
  2 worms (D:2)
  2 dart slugs
  4 leopard geckos
  12 orcs
  7 bats
  2 giant cockroaches (D:2)
  7 goblins
  7 hobgoblins
  A jackal (D:2)
  A quokka (D:2)
  3 ball pythons
  5 frilled lizards
  10 kobolds
  8 rats
83 creatures vanquished.

Notes
Turn   | Place    | Note
-------+----------+-------------------------------------------
     0 | D:1      | dvd the Troll Gladiator began the quest for the Orb.
     0 | D:1      | Reached XP level 1. HP: 19/19 MP: 0/0
     0 | D:1      | Found a basalt altar of Yredelemnul.
   337 | D:1      | Reached XP level 2. HP: 24/27 MP: 1/1
   870 | D:2      | Reached skill level 3 in Axes
   870 | D:2      | Reached XP level 3. HP: 20/35 MP: 2/2
  1166 | D:2      | Reached XP level 4. HP: 32/42 MP: 3/3
  2346 | D:3      | Reached skill level 4 in Axes
  2421 | D:3      | Reached XP level 5. HP: 49/49 MP: 4/4
  2657 | D:3      | Found a sparkling altar of Nemelex Xobeh.
  2737 | D:4      | Noticed an ogre
  2915 | D:4      | Killed an ogre
  3045 | D:4      | Reached XP level 6. HP: 16/59 MP: 5/5
  3241 | D:5      | Entered Level 5 of the Dungeon
  3256 | D:5      | Slain by a centaur

Skill      XL: |  1  2  3  4 |
---------------+-------------+-----
Axes           | 3 4 |  4.8
Dodging        | 3 |  3.4
Fighting       | 2 |  2.5
Throwing       | |  1.9
Stealth        | |  0.5

Action                   |  1- 3 |  4- 6 || total
-------------------------+-------+-------++-------
Melee: War axe           |   101 |   162 ||   263
  Use: Scroll            |       |     8 ||     8
       Potion            |       |     3 ||     3
 Stab: Sleeping          |       |     1 ||     1
  Eat: Chunk             |    15 |    21 ||    36
Armor: Robe              |    54 |    72 ||   126
Dodge: Dodged            |    77 |   111 ||   188
